 Dungeon Crawl Stone Soup version 0.29-a0-338-g1ff7896281 (webtiles) character file.

Game seed: 14824296416631002921

16 brightshaft the Ogre Mage (level 2, 0/24 HPs)
             Began as an Ogre Earth Elementalist on Apr 17, 2022.
             Slain by a frilled lizard (1 damage)
             ... on level 1 of the Dungeon.
             The game lasted 00:00:46 (199 turns).

brightshaft the Ogre Mage (Ogre Earth Elementalist)  Turns: 199, Time: 00:00:47

Health: 0/24       AC:  3    Str: 11    XL:     2   Next: 58%
Magic:  1/6        EV:  9    Int: 16    God:
Gold:   32         SH:  0    Dex:  9    Spells: 7/8 levels left

rFire   . . .      SeeInvis .   g - +0 great sword
rCold   . . .      Faith    .   (shield currently unavailable)
rNeg    . . .      Spirit   .   b - +0 robe
rPois   .          Reflect  .   (helmet restricted)
rElec   .          Harm     .   (no cloak)
rCorr   .          Rampage  .   (gloves unavailable)
Will    .....                   (boots unavailable)
Stlth   +.........              (no amulet)
HPRegen 0.08/turn               (no ring)
MPRegen 0.10/turn               (no ring)

@: no status effects
A: large, unfitting armour, tough skin 1
a: no special abilities


You were on level 1 of the Dungeon.
You visited 1 branch of the dungeon, and saw 1 of its levels.

You collected 32 gold pieces.

Inventory:

Hand Weapons
 d - a +0 flail
 g - a +0 great sword (weapon)
Missiles
 a - 42 stones
Armour
 b - a +0 robe (worn)
Scrolls
 e - a scroll of identify {unknown}
 h - a scroll of summoning {unknown}
Potions
 c - a potion of magic
 f - a potion of haste {unknown}


   Skills:
 - Level 1.7 Dodging
 - Level 1.4 Stealth
 + Level 3.6 Spellcasting
 - Level 0.8 Transmutations
 - Level 2.6 Earth Magic


You had 7 spell levels left.
You knew the following spells:

 Your Spells              Type           Power      Damage    Failure   Level
a - Sandblast             Erth           22%        2d7       6%          1

Your spell library contained the following spells:

 Spells                   Type           Power      Damage    Failure   Level
 Passwall                 Tmut/Erth      6%         N/A       13%         2
 Stone Arrow              Conj/Erth      14%        3d7       30%         3
 Petrify                  Tmut/Erth      8%         N/A       63%         4


Dungeon Overview and Level Annotations

Branches:
Dungeon (1/15)

Altars:


Innate Abilities, Weirdness & Mutations

You are too large for most types of armour.
You have tough skin. (AC +1)


Message History

Aim: a kobold, wielding a +0 short sword (74% to hit)
The blast of sand hits the kobold.
The kobold is severely wounded.
The frilled lizard hisses angrily.
A giant cockroach comes into view.
You barely miss the kobold.
The kobold is severely wounded.
The kobold hits you with a +0 short sword.
The kobold hits you with a +0 club.
The kobold hits you with a +0 short sword.
* * * LOW HITPOINT WARNING * * *
You hit the kobold.
You kill the kobold!
The kobold hits you but does no damage.
A hobgoblin comes into view.
The kobold closely misses you.
The hobgoblin moves out of view.
Aiming: Sandblast (safe; 6% risk of failure)
Press: ? - help, Q - select action, (/) - cycle Shift-Dir - straight line, f - kobold
Aim: a kobold, wielding a +0 club and quivering stones (74% to hit)
The blast of sand hits the kobold!
You kill the kobold!
Aiming: Sandblast (safe; 6% risk of failure)
Press: ? - help, Q - select action, (/) - cycle Shift-Dir - straight line, f - hobgoblin
Aim: a hobgoblin (79% to hit)
The blast of sand hits the hobgoblin.
The hobgoblin is severely wounded.
The hobgoblin hits you.
* * * LOW HITPOINT WARNING * * *
Aiming: Sandblast (safe; 6% risk of failure)
Press: ? - help, Q - select action, (/) - cycle Shift-Dir - straight line, f/p - hobgoblin
Aim: a hobgoblin (severely wounded, 79% to hit)
The blast of sand hits the hobgoblin.
You kill the hobgoblin!
You slash the hobgoblin!
You kill the hobgoblin!
The frilled lizard bites you.
* * * LOW HITPOINT WARNING * * *
You barely miss the frilled lizard. The frilled lizard closely misses you.
You miss the frilled lizard. The frilled lizard bites you.
You die...

.....###.....#
...........(.##
........####..#
..............##
........#####..####
.#................#
.#########...#..###
.# #.#.##.## .#
#.#.##)@# . #### #.
##l# #....#+###.#
+..........##
#...........#
#.$.......#.#
..####....#..#
#....##.# #.#..# .#


You could see a frilled lizard.

Vanquished Creatures
  A gnoll (D:1)
  A ball python (D:1)
  2 hobgoblins (D:1)
  2 kobolds (D:1)
  A rat (D:1)
7 creatures vanquished.

Notes
Turn   | Place    | Note
-------+----------+-------------------------------------------
     0 | D:1      | brightshaft the Ogre Earth Elementalist began the quest for
                  | the Orb.
     0 | D:1      | Reached XP level 1. HP: 16/16 MP: 3/3
    34 | D:1      | Reached skill level 3 in Spellcasting
    34 | D:1      | Reached XP level 2. HP: 24/24 MP: 0/6
   197 | D:1      | HP: 1/24 [frilled lizard (2)]
   199 | D:1      | Slain by a frilled lizard

Illustrated notes

Levels and vault maps discovered:
D:1:      lightli_arrival_noodles, layout_basic, minmay_heptomino_l4

Skill      XL: |  1 |
---------------+----+-----
Spellcasting   | 3 |  3.6
Dodging        | |  1.7
Stealth        | |  1.4
Transmutations | |  0.8
Earth Magic    | |  2.6

Action                   || total
-------------------------++-------
Melee: Great sword       ||     6
       Flail             ||     3
 Cast: Sandblast         ||     9
Armor: Robe              ||     9
Dodge: Dodged            ||     4

Table legend: (Time is in decaauts)
 A = Elapsed time spent in this place.
 B = Non-inter-level travel time spent in this place.
 C = Inter-level travel time spent in this place.
 D = Time resting spent in this place.
 E = Time spent auto-exploring this place.
 F = Levels seen in this place.
 G = Mean time per level.
                   A        B        C        D        E       F      G
               +--------+--------+--------+--------+--------+-----+--------+
         Total |    202 |    202 |      0 |      0 |    136 |   1 |  202.0 |
       Dungeon |    202 |    202 |      0 |      0 |    136 |   1 |  202.0 |
               +--------+--------+--------+--------+--------+-----+--------+

Top non-repeatable levels by time:
     D:1: 202 daAuts
